 Dungeon Crawl Stone Soup version 0.25-a0-647-gd602d06ee1 (webtiles) character file.

Game seed: 13267917586575425058, levelgen mode: deterministic

97 belgend the Ducker (level 5, -5/33 HPs)
             Began as a Kobold Monk on Mar 18, 2020.
             Slain by a gnoll
             ... wielding a +0 flail
              (11 damage)
             ... on level 3 of the Dungeon on Mar 21, 2020.
             The game lasted 00:09:56 (2331 turns).

belgend the Ducker (Kobold Monk)                    Turns: 2331, Time: 00:09:57

Health: -5/33      AC:  2    Str:  9    XL:     5   Next: 0%
Magic:  5/5        EV: 17    Int: 12    God:
Gold:   76         SH:  0    Dex: 17    Spells: 4/4 levels left

rFire    x . .     SeeInvis .   d - +0 dagger (holy)
rCold    + . .     Gourm    .   (shield restricted)
rNeg     . . .     Faith    .   a - +0 robe
rPois    .         Spirit   .   (no helmet)
rElec    .         Reflect  .   (no cloak)
rCorr    .         Harm     .   (no gloves)
MR       .....                  (no boots)
Stlth    +++.......             (no amulet)
HPRegen  0.11/turn              e - ring of ice
MPRegen  0.09/turn              (no ring)

@: no status effects
A: small, carnivore
a: no special abilities


You were on level 3 of the Dungeon.
You were not hungry.

You visited 1 branch of the dungeon, and saw 3 of its levels.

You collected 76 gold pieces.

Inventory:

Hand Weapons
 d - a +0 dagger of holy wrath (weapon)
Armour
 a - a +0 robe (worn)
Jewellery
 e - a ring of ice (left hand)
Scrolls
 f - 2 scrolls of teleportation {unknown}
 g - a scroll of remove curse
 h - a scroll of amnesia {unknown}
Potions
 c - a potion of cancellation
 i - a potion of heal wounds {unknown}
 j - a potion of invisibility {unknown}
 k - a potion of curing {unknown}
Comestibles
 b - 3 rations


   Skills:
 + Level 3.7 Fighting
 + Level 2.2 Short Blades
 + Level 4.5 Dodging
 + Level 3.8 Stealth
 + Level 3.4 Unarmed Combat


You had 4 spell levels left.
You didn't know any spells.
Your spell library was empty.

Dungeon Overview and Level Annotations

Branches:
Dungeon (3/15)

Altars:


Innate Abilities, Weirdness & Mutations

You are small and have problems with some larger weapons.
You are carnivorous and can eat meat at any time.


Message History

Found a hand axe. 2 gnolls come into view.
The gnoll shouts!
A gnoll comes into view. It is wielding a +0 whip.
The gnoll shouts!
You hear an angry hiss.
An adder comes into view.
Found a dagger.
A goblin comes into view.
Found a scroll of remove curse, a ring mail and a scroll of identify.
You hit the gnoll but do no damage. The gnoll misses you.
You barely miss the gnoll.
The gnoll hits you from afar with a +0 halberd!
The gnoll barely misses you.
The gnoll shouts!
You hit the gnoll but do no damage.
The gnoll hits you from afar with a +0 halberd!
* * * LOW HITPOINT WARNING * * *
The gnoll hits you with a +0 flail!
You die...

....?.. ####
......g##...
...[..?#...##
............
.......#...
..........# .##
.......##.###.....
.........g@.......
#########.#####...
#g# #S# #.# #..###
####g#####. #....#
#......)ggSg
#.##.#
#....######.
#.##.# #.####


You could see 3 gnolls, an adder and a goblin (sleeping).

Vanquished Creatures
  Crazy Yiuf (D:2)
  An adder (D:2)
  A worm (D:2)
  2 dart slugs (D:1)
  A ball python (D:1)
  8 bats
  4 giant cockroaches (D:1)
  11 goblins
  5 hobgoblins
  3 kobolds
  A quokka (D:2)
  5 frilled lizards
  8 rats
51 creatures vanquished.

Notes
Turn   | Place    | Note
-------+----------+-------------------------------------------
     0 | D:1      | belgend the Kobold Monk began the quest for the Orb.
     0 | D:1      | Reached XP level 1. HP: 14/14 MP: 1/1
    90 | D:1      | Reached XP level 2. HP: 17/19 MP: 2/2
   130 | D:1      | Reached skill level 4 in Dodging
   486 | D:1      | Reached XP level 3. HP: 16/23 MP: 3/3
  1162 | D:2      | Found a faded altar of an unknown god.
  1279 | D:2      | Reached XP level 4. HP: 19/29 MP: 4/4
  1372 | D:2      | Reached skill level 1 in Short Blades
  1758 | D:2      | Upgraded the game from 0.25-a0-631-gc915619fb7 to
                  | 0.25-a0-647-gd602d06ee1
  1778 | D:2      | Found a runed translucent door.
  1779 | D:2      | Noticed Crazy Yiuf
  1871 | D:2      | Killed Crazy Yiuf
  2273 | D:3      | Reached XP level 5. HP: 29/33 MP: 5/5
  2331 | D:3      | Slain by a gnoll

Levels and vault maps discovered:
D:1:      heliophobic_arrival_henge, layout_basic
D:2:      layout_basic, chequers_ecumenical_altar_simple_redux,
          uniq_crazy_yiuf_cottage
D:3:      layout_loops_ring, gammafunk_temple_overflow_claw, first_ration,
          nicolae_qazlal_style_of_elements

Skill      XL: |  1  2  3  4 |
---------------+-------------+-----
Dodging        | 4 |  4.5
Stealth        | 3 |  3.8
Short Blades   | 2 |  2.2
Fighting       | |  3.7
Unarmed Combat | |  3.4

Action                   |  1- 3 |  4- 6 || total
-------------------------+-------+-------++-------
Melee: Unarmed           |    27 |       ||    27
       Dagger            |   107 |   102 ||   209
       Punch             |     3 |     1 ||     4
  Use: Scroll            |     5 |       ||     5
       Potion            |       |     1 ||     1
 Stab: Sleeping          |     6 |     2 ||     8
  Eat: Ration            |     1 |     2 ||     3
Armor: Robe              |    23 |    11 ||    34
Dodge: Dodged            |   141 |   116 ||   257

Table legend:
 A = Non-vault XP
 B = Vault XP
 C = Vault XP percentage of total XP
 D = Non-vault monster count
 E = Vault monster count
 F = Vault count percentage of total count
                 A         B        C        D         E       F
            +---------+---------+-------+---------+---------+-------
      Total |      97 |      42 |  30.2 |      50 |       1 |   2.0
            +---------+---------+-------+---------+---------+-------
        D:1 |      46 |       0 |   0.0 |      27 |       0 |   0.0
        D:2 |      43 |      42 |  49.4 |      18 |       1 |   5.3
        D:3 |       8 |       0 |   0.0 |       5 |       0 |   0.0
            +---------+---------+-------+---------+---------+-------
